 Dungeon Crawl Stone Soup version 0.29.1-15-g9cfb28693d (webtiles) character file.

Game seed: 4935818472211797728

3409 booth the Stinger (level 9, 0/72 HPs)
             Began as a White Draconian Venom Mage on Mar 6, 2023.
             Was a Believer of Ashenzari.
             Succumbed to a killer bee's poison
             ... on level 8 of the Dungeon.
             The game lasted 01:26:34 (11422 turns).

booth the Stinger (White Draconian Venom Mage)     Turns: 11422, Time: 01:26:34

Health: 0/72       AC:  8    Str:  6    XL:     9   Next: 75%
Magic:  8/15       EV: 14    Int: 20    God:    Ashenzari [**....]
Gold:   389        SH:  5    Dex: 15    Spells: 5/17 levels left

rFire   . . .      SeeInvis +   t - +9 dagger "Dasky" {elec, rPois rN++ Str-5 Dex+4}
rCold   + . .      Faith    .   (no shield)
rNeg    + + +      Spirit   .   (body armour unavailable)
rPois   +          Reflect  +   (helmet restricted)
rElec   .          Harm     .   s - +0 cloak of Apeoromancy {Alch, Elem} (curse)
rCorr   .          Rampage  .   (no gloves)
Will    .....                   (no boots)
Stlth   +++.......              c - amulet "Circumscribed With Me" {Reflect SH+5, Alch, Comp} (curse)
HPRegen 0.22/turn               o - ring of the Fated Abstinence {rN+, Melee, Evo} (curse)
MPRegen 0.14/turn               (no ring)

@: lethally poisoned (0 -> -3), wereblooded
A: breathe frost, AC +7, unfitting armour, cold resistance 1, cold-blooded
a: Breathe Frost, Renounce Religion, Curse Item, Shatter the Chains


You were on level 8 of the Dungeon.
You worshipped Ashenzari.
Ashenzari was pleased with you.
You visited 1 branch of the dungeon, and saw 9 of its levels.

You collected 389 gold pieces.

Inventory:

Hand Weapons
 e - a +0 whip
 t - the +9 dagger "Dasky" (weapon) {elec, rPois rN++ Str-5 Dex+4}
   (You found it on level 6 of the Dungeon)

   It occasionally discharges a powerful burst of electricity upon striking a
   foe.
   Str:       It affects your strength (-5).
   Dex:       It affects your dexterity (+4).
   rPois:     It protects you from poison.
   rN:        It greatly protects you from negative energy.
Missiles
 h - 4 curare-tipped darts
 k - 21 poisoned darts
 A - 5 boomerangs
Armour
 s - the cursed +0 cloak of Apeoromancy (worn) {Alch, Elem}
   (You found it on level 6 of the Dungeon)

   It has a curse which improves the following skills: Alchemy: Poison Magic and
   Transmutations.
   Elements:  Fire Magic, Ice Magic, Air Magic and Earth Magic.
Jewellery
 c - the cursed amulet "Circumscribed With Me" (around neck) {Reflect SH+5, Alch, Comp}
   (You found it on level 1 of the Dungeon)

   [amulet of reflection]

   It reflects blocked missile attacks.
   SH:        It affects your SH (+5).
   It has a curse which improves the following skills: Alchemy: Poison Magic and
   Transmutations.
   Companions: Summonings and Necromancy.
 o - the cursed ring of the Fated Abstinence (left hand) {rN+, Melee, Evo}
   (You found it on level 5 of the Dungeon)

   [ring of positive energy]

   rN:        It protects you from negative energy.
   It has a curse which improves the following skills: Melee Combat: Short
   Blades, Long Blades, Axes, Maces & Flails, Polearms, Staves and Unarmed
   Combat.
   Evocations: Evocations.
 x - a ring of poison resistance
Wands
 i - a wand of roots (8)
 l - a wand of paralysis (8)
 v - a wand of acid (14)
Scrolls
 a - 5 scrolls of teleportation
 d - 5 scrolls of identify
 m - a scroll of immolation
 p - a scroll of amnesia
 r - a scroll of enchant weapon
 u - a scroll of butterflies
 y - a scroll of blinking
Potions
 b - 4 potions of might
 f - a potion of brilliance
 g - a potion of lignification
 j - a potion of heal wounds
 n - a potion of attraction
 q - 2 potions of curing
 w - a potion of resistance
 z - 3 potions of magic


   Skills:
 + Level 4.3 Fighting
 + Level 4.3(5.5) Maces & Flails
 + Level 4.6 Dodging
 + Level 4.8 Stealth
 + Level 4.6 Spellcasting
 + Level 4.1 Conjurations
 - Level 2.9(4.5) Transmutations
 + Level 4.0(5.2) Air Magic
 * Level 7.3(9.2) Poison Magic


You had 5 spell levels left.
You knew the following spells:

 Your Spells              Type           Power      Damage    Failure   Level
a - Sting                 Tmut/Pois      100%       1d8       1%          1
b - Poisonous Vapours     Pois/Air       66%        N/A       1%          2
c - Mephitic Cloud        Conj/Pois/Air  29%        N/A       2%          3
d - Wereblood             Tmut           22%        N/A       2%          2
e - Olgreb's Toxic Radia  Pois           41%        N/A       2%          4

Your spell library contained the following spells:

 Spells                   Type           Power      Damage    Failure   Level
 Summon Small Mammal      Summ           20%        N/A       12%         1
 Dazzling Flash           Conj/Hex       24%        N/A       16%         3
 Sublimation of Blood     Necr           5%         N/A       17%         2
 Call Canine Familiar     Summ           5%         N/A       34%         3
 Summon Guardian Golem    Hex/Summ       4%         N/A       34%         3
 Portal Projectile        Hex/Tloc       8%         N/A       36%         3
 Tukima's Dance           Hex            4%         N/A       36%         3
 Iskenderun's Mystic Bla  Conj/Tloc      12%        2d5       45%         4
 Blade Hands              Tmut           11%        N/A       45%         5
 Conjure Ball Lightning   Conj/Air       11%        3x3d6     95%         6
 Starburst                Conj/Fire      6%         6d4       100%        6
 Summon Hydra             Summ           2%         N/A       100%        7
 Discord                  Hex            2%         N/A       100%        8
 Disjunction              Tloc           2%         N/A       100%        8


Dungeon Overview and Level Annotations

Branches:
Dungeon (9/15)             Temple (0/1) D:4             Orc (0/2) D:9
   Lair: D:8-11

Altars:
Ashenzari
Kikubaaqudgha
Uskayaw
Zin

Shops:
D:3 (   D:5 (   D:6 ?


Innate Abilities, Weirdness & Mutations

You can breathe waves of freezing cold which knock back foes.
Your icy white scales are hard. (AC +7)
You cannot fit into any form of body armour.
Your flesh is cold resistant. (rC+)
You are cold-blooded and may be slowed by cold attacks.


Message History

The killer bee stings you.
* * * LOW HITPOINT WARNING * * *
The killer bee barely misses you. The killer bee closely misses you.
You block the killer bee's attack.
You feel much better.
The orc priest looks even sicker.
The orc warrior looks even sicker.
You kill the orc!
The orc looks even sicker.
The killer bee looks even sicker. x2
Your toxic aura wanes.
You feel sick.
You feel a bit better.
You kill the killer bee!
You feel a bit better.
You kill the killer bee!
You feel a bit better.
You kill the killer bee!
The killer bee stings you. The orc hits you but does no damage.
An ogre zombie comes into view.
A troll zombie comes into view.
The killer bee closely misses you.
Your base Air Magic skill increases to level 4!
You closely miss the orc warrior.
The orc warrior is moderately wounded.
You feel sick.
The killer bee stings you but does no damage.
The orc warrior hits you with a +0 war axe!
* * * LOW HITPOINT WARNING * * *
The orc misses you. The killer bee stings you.
* * * LOW HITPOINT WARNING * * *
You feel sick. The killer bee stings you.
* * * LOW HITPOINT WARNING * * *
The orc barely misses you. The orc warrior closely misses you.
The killer bee stings you.
* * * LOW HITPOINT WARNING * * *
You climb upwards.
* * * LOW HITPOINT WARNING * * *
You feel sick.
There is a stone staircase leading down here.
You hit the orc warrior but do no damage.
The orc warrior is moderately wounded.
You howl as the wereblood boils in your veins!
You die...

###### #...)# #....#
#....# #....# #....#
#....###############
...............y@o.#
.....###########o#.#
.#.........# #...#
...........#
#.#######
...........#
#.#.....#
.>...#######
#.#.###.# #.####
#.#.#...# #...#
#.#.#.### ###.#
#.#.#.#


You could see an orc warrior (very poisoned), a killer bee (poisoned) and an orc
(very poisoned).

Vanquished Creatures
  Grinder (D:4)
  5 yaks (D:8)
  A wyvern (D:8)
  A water moccasin (D:8)
  A sky beast (D:6)
  A black bear (D:5)
  3 ice beasts
  2 ogres
  A centaur (D:6)
  A phantom (D:6)
  2 bullfrogs
  4 necrophages
  A gnoll sergeant (D:8)
  2 scorpions
  8 killer bees
  A hound (D:5)
  A gnoll bouda (D:8)
  An orc priest (D:6)
  4 orc wizards
  2 iguanas
  12 gnolls
  7 adders
  A river rat (D:6)
  An ufetubus (D:7)
  3 worms
  2 dart slugs (D:2)
  13 orcs
  9 ball pythons
  5 bats
  2 endoplasms
  10 giant cockroaches
  6 goblins
  11 hobgoblins
  10 jackals (D:1)
  7 kobolds
  6 quokkas
  8 frilled lizards
  8 rats
  2 bushes (D:3)
166 creatures vanquished.

Vanquished Creatures (others)
  An orc wizard (D:6)
  7 plants (D:3)
8 creatures vanquished.

Grand Total: 174 creatures vanquished

Notes
Turn   | Place    | Note
-------+----------+-------------------------------------------
     0 | D:1      | booth the Draconian Venom Mage began the quest for the Orb.
     0 | D:1      | Reached XP level 1. HP: 14/14 MP: 3/3
   599 | D:1      | Reached XP level 2. HP: 20/20 MP: 3/5
   645 | D:1      | Learned a level 2 spell: Poisonous Vapours
  1027 | D:1      | Reached XP level 3. HP: 25/26 MP: 3/6
  1204 | D:1      | Found a faded altar of an unknown god.
  1211 | D:1      | Prayed at the altar of an unknown god.
  1211 | D:1      | Became a worshipper of Ashenzari the Shackled
  2010 | D:2      | Reached XP level 4. HP: 33/33 MP: 4/7
  2014 | D:2      | Learned a level 3 spell: Mephitic Cloud
  2261 | D:2      | Reached skill level 1 in Maces & Flails
  2360 | D:2      | Identified the +1 leather armour of the World {rF++}
  3164 | D:3      | Found Cuineazu's Weapon Boutique.
  3582 | D:3      | Reached skill level 4 in Poison Magic
  3582 | D:3      | Reached XP level 5. HP: 6/38 MP: 2/8
  4007 | D:3      | Reached * piety under Ashenzari
  4654 | D:4      | Learned a level 2 spell: Wereblood
  4885 | D:4      | Found a staircase to the Ecumenical Temple.
  4893 | D:4      | Reached skill level 1 in Conjurations
  5070 | D:4      | Reached XP level 6. HP: 47/47 MP: 6/11
  5156 | D:4      | Reached skill level 1 in Fighting
  5286 | D:4      | Noticed Grinder
  5626 | D:4      | Reached skill level 1 in Air Magic
  6230 | D:4      | Learned a level 4 spell: Olgreb's Toxic Radiance
  6344 | D:4      | Found a glowing silver altar of Zin.
  6398 | D:4      | Paralysed by Grinder for 2 turns
  6406 | D:4      | Paralysed by Grinder for 3 turns
  6412 | D:4      | Killed Grinder
  6413 | D:4      | Your scales start taking on an icy white colour.
  6413 | D:4      | Reached XP level 7. HP: 23/56 MP: 7/12
  6413 | D:4      | Gained mutation: Your flesh is cold resistant. (rC+) [White
                  | Draconian growth]
  6739 | D:4      | Reached skill level 5 in Poison Magic
  6905 | D:5      | Entered Level 5 of the Dungeon
  7122 | D:5      | Reached ** piety under Ashenzari
  7212 | D:5      | Found Idod Dydgh's Weapon Shop.
  7797 | D:5      | Found an ancient bone altar of Kikubaaqudgha.
  7873 | D:5      | Reached XP level 8. HP: 63/63 MP: 11/14
  8151 | D:6      | Found Qon Qais's Magic Scroll Shoppe.
  8811 | D:6      | Identified the +9 dagger "Dasky" {elec, rPois rN++ Str-5
                  | Dex+4}
  8850 | D:6      | Reached *** piety under Ashenzari
  8891 | D:6      | Reached skill level 6 in Poison Magic
  9084 | D:6      | Found a hide-covered altar of Uskayaw.
 10072 | D:7      | Reached XP level 9. HP: 60/70 MP: 15/15
 10900 | D:8      | Reached skill level 7 in Poison Magic
 11417 | D:9      | HP: 1/71 [killer bee (6)]
 11422 | D:8      | Succumbed to a killer bee's poison

Illustrated notes

Levels and vault maps discovered:
D:1:      evilmike_arrival_rings, layout_basic, serial_glass, glass_columns_a,
          glass_columns_b, dilly_ecumenical_altar_fadedgnrine
D:2:      layout_basic, minmay_worlds_worst_comb
D:3:      layout_rooms, serial_shops, shop_statue, lexackson_kobold_supper
D:4:      layout_cave_pods, zin_treasury, minmay_temple_entry_junction_2,
          uniq_grinder
D:5:      layout_basic, nicolae_kikubaaqudgha_miasma_corner, serial_shops,
          nicolae_shop_crystal
D:6:      layout_basic, nicolae_uskayaw_dance_hall, serial_shops,
          nicolae_shop_statue_plus, gup_sewer_entry_spiral, grunt_ministairs_8
D:7:      layout_layer_cave
D:8:      layout_basic, minmay_misc_feat_five
D:9:      layout_roguey, tgw_xom, zombieorc2_lemuel, ebering_ghost_gozag,
          chequers_serial_rivers_micro_a

Skill      XL: |  1  2  3  4  5  6  7  8  9 |
---------------+----------------------------+-----
Stealth        | 2 3 4 |  4.8
Dodging        | 2 3 4 |  4.6
Maces & Flails | 1 2 3 4 |  4.3
Transmutations | 2 |  2.9
Poison Magic   | 4 5 6 7 |  7.3
Conjurations   | 1 2 3 4 |  4.1
Fighting       | 1 2 3 4 |  4.3
Spellcasting   | 3 4 |  4.6
Air Magic      | 1 2 3 4 |  4.0

Action                   |  1- 3 |  4- 6 |  7- 9 || total
-------------------------+-------+-------+-------++-------
Melee: Whip              |    75 |   161 |       ||   236
       Unarmed           |     1 |       |       ||     1
       Tailslap          |     9 |    94 |    36 ||   139
       Punch             |     2 |     4 |     3 ||     9
       Mace              |       |   290 |   142 ||   432
       Dagger            |       |       |    63 ||    63
Throw: Dart              |       |     6 |       ||     6
 Cast: Sting             |    42 |    27 |    35 ||   104
       Poisonous Vapours |     6 |    41 |    42 ||    89
       Mephitic Cloud    |       |       |     5 ||     5
       Wereblood         |       |       |     3 ||     3
       Olgreb's Toxic Ra |       |       |     1 ||     1
Invok: Curse Item        |       |     2 |     2 ||     4
       Shatter the Chain |       |       |     1 ||     1
  Use: Scroll            |     1 |     4 |       ||     5
       Potion            |       |     7 |     1 ||     8
 Stab: Confused          |       |       |     2 ||     2
       Sleeping          |       |       |     2 ||     2
Armor: Skin              |    23 |    50 |    56 ||   129
Dodge: Dodged            |    55 |    81 |   135 ||   271
Block: Other             |    29 |    20 |    53 ||   102
       Reflection        |     1 |       |       ||     1
